 Dungeon Crawl Stone Soup version 0.18-a0-1229-ge9a1a01 (webtiles) character file.

38 MrRokkomies the Ducker (level 3, -2/19 HPs)
             Began as a Spriggan Abyssal Knight on Feb 4, 2016.
             Was a Believer of Lugonu.
             Slain by a gnoll
             ... wielding a +0 whip
              (7 damage)
             ... on level 1 of the Dungeon.
             The game lasted 00:03:46 (1905 turns).

MrRokkomies the Ducker (Spriggan Abyssal Knight)    Turns: 1905, Time: 00:03:46

Health: -2/19      AC:  2    Str:  8    XL:     3   Next: 25%
Magic:  6/6        EV: 18    Int: 14    God:    Lugonu [**....]
Gold:   69         SH:  0    Dex: 15    Spells: 0 memorised, 2 levels left

rFire  . . .     SeeInvis +     a - +1 short sword
rCold  . . .     Gourm    .     b - +0 robe
rNeg   + . .     Faith    .     (shield restricted)
rPois  .         Spirit   .     (helmet restricted)
rElec  .         Dismiss  .     (no cloak)
rCorr  .         Reflect  .     (gloves unavailable)
SustAt .         Harm     .     (boots unavailable)
MR     .....                    (no amulet)
Stlth  +.........               (no ring)
                                f - ring of positive energy

@: very quick, not resistant to hostile enchantments, very unstealthy
A: unfitting armour, see invisible, herbivore 3, speed 3, slow metabolism 2
a: Depart the Abyss, Bend Space, Renounce Religion


You were on level 1 of the Dungeon.
You worshipped Lugonu.
Lugonu was pleased with you.
You were not hungry.

You visited 1 branch of the dungeon, and saw 2 of its levels.
You visited the Abyss 1 time.

You collected 69 gold pieces.

Inventory:

Hand Weapons
 a - a +1 short sword (weapon)
 h - a +0 whip of venom
Missiles
 i - 8 curare-tipped needles
 m - 18 poisoned needles
Armour
 b - a +0 robe (worn)
Jewellery
 f - a ring of positive energy (left hand)
Scrolls
 o - a scroll of amnesia
Potions
 d - a potion of agility
 e - a potion of flight
 g - 2 potions of curing
 k - a potion of heal wounds {unknown}
 l - a potion of ambrosia {unknown}
 p - a potion of experience {unknown}
Comestibles
 c - a bread ration


   Skills:
 - Level 2.4 Fighting
 * Level 3.3 Short Blades
 - Level 3.5 Dodging
 * Level 2.7 Invocations


You had 2 spell levels left.
You didn't know any spells.

Dungeon Overview and Level Annotations

Branches:
Dungeon (2/15)

Altars:


Innate Abilities, Weirdness & Mutations

You are tiny and cannot use many weapons and most armour.
You have supernaturally acute eyesight.
You are a herbivore.
You cover ground extremely quickly.
You need consume almost no food.


Message History

The gnoll is lightly wounded.
The gnoll barely misses you.
You hit the gnoll.
The gnoll is heavily wounded.
The gnoll closely misses you.
You barely miss the gnoll.
The gnoll is heavily wounded.
You hit the gnoll.
The gnoll is severely wounded.
The gnoll misses you.
You hit the gnoll but do no damage.
The gnoll is severely wounded.
The gnoll completely misses you.
You barely miss the gnoll.
The gnoll is severely wounded.
The gnoll misses you.
You hit the gnoll.
The gnoll is almost dead.
The gnoll hits you with a whip!
You die...

.##.##### #.##.#.######........
.##.....# #.##.#.# ##.......
###.#########..#.#.# #.......
#.####.......#.#.#### ######'#
###....'..............##### #..
..######.........#.##)#...#####.#
### #...........##............
#......#g.####.#...####..#
#########@# #.#...# #..# ###
#.#...# #..# #.#...# #..# #.#...#
#... #.#...# #..# #.#...# #..#
###...# #..# ##### #... ####


You could see a gnoll.

Vanquished Creatures
  An ooze (D:1)
  2 ball pythons
  6 bats
  5 goblins
  5 hobgoblins
  3 giant newts
  8 kobolds
  A rat (D:2)
31 creatures vanquished.

Notes
Turn   | Place    | Note
--------------------------------------------------------------
     0 | Abyss:1  | MrRokkomies the Spriggan Abyssal Knight began the quest for the Orb.
     0 | Abyss:1  | Reached XP level 1. HP: 11/11 MP: 3/3
    79 | Abyss:1  | Noticed a worldbinder
    84 | Abyss:1  | Noticed a vampire mosquito
    84 | Abyss:1  | Noticed a vampire mosquito
    86 | Abyss:1  | Noticed a vampire mosquito
    86 | D:1      | Escaped the Abyss
   423 | D:1      | Reached XP level 2. HP: 11/16 MP: 4/4
  1274 | D:2      | Reached ** piety under Lugonu
  1294 | D:2      | Reached XP level 3. HP: 17/19 MP: 4/6
  1905 | D:1      | Slain by a gnoll

Vault maps used:
D:1:      mainiacjoe_arrival_reflecting_pool, serial_glass, glass_columns_b,
          glass_columns_c, glass_columns_c, glass_columns_b, glass_columns_a,
          glass_columns_a, glass_columns_a, glass_columns_b
D:2:      grunt_ministairs_5

Action                   || total
-------------------------++-------
Melee: Short sword       ||   138
  Use: Scroll            ||     6
